TOP OF THE 1ST |
Decatur Commodores batting - Pitching for Danville Veterans : LHP Donald Johnson
|
Pitching: LHP Donald Johnson
|
|
Batting: SHB Roger Holt
|
0-0: Ball 1-0: Called Strike 1-1: Called Strike 1-2: SINGLE (Flyball, 89S, EV 87.5 MPH)
|
Batting: LHB Jerry Miller
|
0-0: Foul Ball, location: 2F 0-1: Ball 1-1: Swinging Strike 1-2: Foul Ball, location: 2F 1-2: Ball 2-2: Foul Ball, location: 2F 2-2: Foul Ball, location: 2F 2-2: Fielders Choice at 2nd, 5-4 (Groundball, 56, EV 85.0 MPH)
|
Batting: SHB Rondin Johnson
|
0-0: Ball 1-0: Ball 2-0: Called Strike 2-1: SINGLE (Line Drive, 9S, EV 97.5 MPH) Jerry Miller to second
|
Batting: RHB Clifton Wilder
|
0-0: Called Strike 0-1: Ball 1-1: Fielders Choice at 2nd, 5-4 (Groundball, 56S, EV 83.8 MPH) Jerry Miller to third
|
Batting: SHB Daniel Wieser
|
0-0: Swinging Strike 0-1: Ball 1-1: Foul Ball, location: 2F 1-2: Ball 2-2: Ball 3-2: SINGLE (Line Drive, 78S, EV 96.3 MPH) Jerry Miller scores Clifton Wilder to second Clifton Wilder to third
|
Batting: LHB David Showalter
|
0-0: Foul Ball, location: 2F 0-1: Ball 1-1: Fly out, F9 (Flyball, 9D, EV 90.0 MPH)
|
Top of the 1st over - 1 run, 3 hits, 0 errors, 2 left on base; Decatur 1 - Danville 0 |
BOTTOM OF THE 1ST |
Danville Veterans batting - Pitching for Decatur Commodores : RHP Fred Howard
|
Pitching: RHP Fred Howard
|
|
Batting: RHB Henry Janssen
|
0-0: Called Strike 0-1: Ball 1-1: Called Strike 1-2: Ball 2-2: Ball 3-2: Base on Balls
|
Batting: SHB Donnie Hill
|
0-0: Ball 1-0: Foul Ball, location: 2F 1-1: Foul Ball, location: 2F 1-2: DOUBLE (Flyball, 89XD, EV 100.6 MPH) Henry Janssen to third
|
Batting: LHB Mark Salas
|
0-0: Called Strike 0-1: Foul Ball, location: 2F 0-2: Ground out 4-3 (Groundball, 4, EV 101.9 MPH) Henry Janssen scores Donnie Hill to third
|
Batting: RHB Robert Gauci
|
0-0: Ball 1-0: Swinging Strike 1-1: Foul Ball, location: 2F 1-2: Strikes out looking
|
Batting: RHB Joseph Soprano
|
0-0: Swinging Strike 0-1: Called Strike 0-2: Foul Ball, location: 2F 0-2: Ball 1-2: Reaches on Catchers interference
|
Batting: RHB Ed Saavedra
|
0-0: Called Strike 0-1: Ball 1-1: Foul Ball, location: 2F 1-2: SINGLE (Line Drive, 9S, EV 95.0 MPH) Donnie Hill scores Joseph Soprano to second Runner from 2nd tries for 3rd, SAFE, throw by RF made to third
|
Batting: RHB Vincent Pone
|
0-0: Ball 1-0: Called Strike 1-1: Ball 2-1: Swinging Strike 2-2: Ground out 6-3 (Groundball, 6MS, EV 84.4 MPH)
|
Bottom of the 1st over - 2 runs, 2 hits, 1 error, 2 left on base; Decatur 1 - Danville 2 |
TOP OF THE 2ND |
Decatur Commodores batting - Pitching for Danville Veterans : LHP Donald Johnson
|
Batting: RHB Miguelito DeLaCruz
|
0-0: Ball 1-0: Ball 2-0: Ball 3-0: Called Strike 3-1: Base on Balls
|
Batting: LHB Samuel Taves
|
0-0: Ball 1-0: Called Strike 1-1: Fly out, F4 (Popup, 4M, EV 61.9 MPH)
|
Batting: RHB Rafael Sanchez
|
0-0: Ball 1-0: Fly out, F8 (Flyball, 78D, EV 105.0 MPH)
|
Batting: SHB Roger Holt
|
0-0: Ball 1-0: Ball 2-0: Called Strike 2-1: Ball 3-1: Base on Balls Miguelito DeLaCruz to second
|
Batting: LHB Jerry Miller
|
0-0: Foul Ball, location: 2F 0-1: Fly out, F8 (Flyball, 8LM, EV 94.4 MPH)
|
Top of the 2nd over - 0 runs, 0 hits, 0 errors, 2 left on base; Decatur 1 - Danville 2 |
BOTTOM OF THE 2ND |
Danville Veterans batting - Pitching for Decatur Commodores : RHP Fred Howard
|
Batting: RHB Jeff Moronko
|
0-0: Ball 1-0: Ball 2-0: Ball 3-0: Called Strike 3-1: Called Strike 3-2: Foul Ball, location: 2F 3-2: Foul Ball, location: 2F 3-2: Strikes out looking
|
Batting: RHB Jeff Hall
|
0-0: Foul Ball, location: 2F 0-1: Swinging Strike 0-2: Ball 1-2: Ball 2-2: Foul Ball, location: 2F 2-2: Ball 3-2: Ground out 5-3 (Groundball, 5L, EV 84.4 MPH)
|
Batting: RHB Henry Janssen
|
0-0: Ball 1-0: Called Strike 1-1: Foul Ball, location: 2F 1-2: Ball 2-2: Fly out, F3 (Line Drive, 3, EV 64.4 MPH)
|
Bottom of the 2nd over - 0 runs, 0 hits, 0 errors, 0 left on base; Decatur 1 - Danville 2 |
TOP OF THE 3RD |
Decatur Commodores batting - Pitching for Danville Veterans : LHP Donald Johnson
|
Batting: SHB Rondin Johnson
|
0-0: Ground out 5-3 (Groundball, 56S, EV 82.5 MPH)
|
Batting: RHB Clifton Wilder
|
0-0: Ball 1-0: Ball 2-0: Called Strike 2-1: Ball 3-1: Ground out 4-3 (Groundball, 4, EV 100.0 MPH)
|
Batting: SHB Daniel Wieser
|
0-0: Fly out, F8 (Flyball, 8LS, EV 89.4 MPH)
|
Top of the 3rd over - 0 runs, 0 hits, 0 errors, 0 left on base; Decatur 1 - Danville 2 |
BOTTOM OF THE 3RD |
Danville Veterans batting - Pitching for Decatur Commodores : RHP Fred Howard
|
Batting: SHB Donnie Hill
|
0-0: Ball 1-0: Fly out, F9 (Flyball, 9D, EV 100.6 MPH)
|
Batting: LHB Mark Salas
|
0-0: Ball 1-0: SOLO HOME RUN (Line Drive, 7D, EV 100.6 MPH), Distance : 369 ft
|
Batting: RHB Robert Gauci
|
0-0: Ball 1-0: Ball 2-0: Called Strike 2-1: Fly out, F8 (Flyball, 8RD, EV 105.0 MPH)
|
Batting: RHB Joseph Soprano
|
0-0: Called Strike 0-1: Ground out 4-3 (Groundball, 4, EV 105.0 MPH)
|
Bottom of the 3rd over - 1 run, 1 hit, 0 errors, 0 left on base; Decatur 1 - Danville 3 |
TOP OF THE 4TH |
Decatur Commodores batting - Pitching for Danville Veterans : LHP Donald Johnson
|
Batting: LHB David Showalter
|
0-0: Ball 1-0: Swinging Strike 1-1: Called Strike 1-2: Fly out, F7 (Flyball, 78M, EV 86.9 MPH)
|
Batting: RHB Miguelito DeLaCruz
|
0-0: Ball 1-0: Ball 2-0: Foul Ball, location: 2F 2-1: Ball 3-1: Called Strike 3-2: Base on Balls
|
Batting: LHB Samuel Taves
|
0-0: Called Strike 0-1: Ball 1-1: Swinging Strike 1-2: Ball 2-2: Ball 3-2: Base on Balls Miguelito DeLaCruz to second
|
Batting: RHB Rafael Sanchez
|
0-0: Foul Ball, location: 2F 0-1: Ball 1-1: Ball 2-1: Foul Ball, location: 2F 2-2: Strikes out swinging
|
Batting: SHB Roger Holt
|
0-0: Swinging Strike 0-1: Ball 1-1: Ball 2-1: Called Strike 2-2: Reached on error, E7 (Line Drive, 7, EV 92.5 MPH) Miguelito DeLaCruz scores Samuel Taves to third
|
Batting: LHB Jerry Miller
|
0-0: Called Strike 0-1: Foul Ball, location: 2F 0-2: Foul Ball, location: 2F 0-2: Fly out, F9 (Flyball, 9, EV 84.4 MPH)
|
Top of the 4th over - 1 run, 0 hits, 1 error, 2 left on base; Decatur 2 - Danville 3 |
BOTTOM OF THE 4TH |
Danville Veterans batting - Pitching for Decatur Commodores : RHP Fred Howard
|
Batting: RHB Ed Saavedra
|
0-0: Called Strike 0-1: Ball 1-1: Ball 2-1: Called Strike 2-2: Ball 3-2: Base on Balls
|
Batting: RHB Vincent Pone
|
0-0: Ball Ed Saavedra steals 2nd base 1-0: Fly out, F9 (Flyball, 89D, EV 94.4 MPH) Runner from 2nd tags up, SAFE at 3rd, no throw by RF
|
Batting: RHB Jeff Moronko
|
0-0: Ball 1-0: Foul Ball, location: 2F 1-1: Ball 2-1: Foul Ball, location: 2F 2-2: Strikes out looking
|
Batting: RHB Jeff Hall
|
0-0: Ball 1-0: Called Strike 1-1: Called Strike 1-2: Foul Ball, location: 2F 1-2: Strikes out swinging
|
Bottom of the 4th over - 0 runs, 0 hits, 0 errors, 1 left on base; Decatur 2 - Danville 3 |
TOP OF THE 5TH |
Decatur Commodores batting - Pitching for Danville Veterans : LHP Donald Johnson
|
Batting: SHB Rondin Johnson
|
0-0: Ball 1-0: Ground out U3 (Groundball, 3L, EV 80.6 MPH)
|
Batting: RHB Clifton Wilder
|
0-0: SINGLE (Groundball, 15S, EV 70.0 MPH) (infield hit)
|
Batting: SHB Daniel Wieser
|
0-0: Foul Ball, location: 2F 0-1: Ball 1-1: Ball 2-1: Foul Ball, location: 2F 2-2: Fly out, F9 (Flyball, 9LM, EV 95.6 MPH)
|
Batting: LHB David Showalter
|
0-0: Called Strike 0-1: Ground out 4-3 (Groundball, 4, EV 82.5 MPH)
|
Top of the 5th over - 0 runs, 1 hit, 0 errors, 1 left on base; Decatur 2 - Danville 3 |
BOTTOM OF THE 5TH |
Danville Veterans batting - Pitching for Decatur Commodores : RHP Fred Howard
|
Batting: RHB Henry Janssen
|
0-0: Ground out 5-3 (Groundball, 56, EV 106.9 MPH)
|
Batting: SHB Donnie Hill
|
0-0: Ball 1-0: Foul Ball, location: 2F 1-1: DOUBLE (Groundball, 3L, EV 105.6 MPH)
|
Batting: LHB Mark Salas
|
0-0: Ground out 5-3 (Groundball, 56, EV 103.1 MPH)
|
Batting: RHB Robert Gauci
|
0-0: Swinging Strike 0-1: Called Strike 0-2: Ball 1-2: Ball 2-2: Ball 3-2: Base on Balls
|
Pitching: LHP James Oates
|
|
Batting: RHB Joseph Soprano
|
0-0: Ball 1-0: Fly out, F4 (Popup, 34S, EV 72.5 MPH)
|
Bottom of the 5th over - 0 runs, 1 hit, 0 errors, 2 left on base; Decatur 2 - Danville 3 |
TOP OF THE 6TH |
Decatur Commodores batting - Pitching for Danville Veterans : LHP Donald Johnson
|
Batting: RHB Miguelito DeLaCruz
|
0-0: Called Strike 0-1: Ball 1-1: Swinging Strike 1-2: Strikes out swinging
|
Batting: LHB Samuel Taves
|
0-0: Fly out, F8 (Flyball, 8RS, EV 94.4 MPH)
|
Batting: RHB Rafael Sanchez
|
0-0: Ball 1-0: Ball 2-0: Ball 3-0: Base on Balls
|
Batting: SHB Roger Holt
|
0-0: Ball 1-0: Ground out 4-3 (Groundball, 13, EV 81.3 MPH)
|
Top of the 6th over - 0 runs, 0 hits, 0 errors, 1 left on base; Decatur 2 - Danville 3 |
BOTTOM OF THE 6TH |
Danville Veterans batting - Pitching for Decatur Commodores : LHP James Oates
|
Batting: RHB Ed Saavedra
|
0-0: Ball 1-0: Foul Ball, location: 2F 1-1: Fly out, F8 (Flyball, 8LM, EV 88.1 MPH)
|
Batting: RHB Vincent Pone
|
0-0: Foul Ball, location: 2F 0-1: Ball 1-1: Ball 2-1: Ball 3-1: Base on Balls
|
Batting: RHB Jeff Moronko
|
0-0: Ball 1-0: Ball 2-0: Fielders Choice at 2nd, 4-6 (Groundball, 4, EV 78.1 MPH)
|
Batting: RHB Jeff Hall
|
0-0: Called Strike 0-1: Ball 1-1: Foul Ball, location: 2F 1-2: Ball Jeff Moronko steals 2nd base (no throw) 2-2: Strikes out swinging
|
Bottom of the 6th over - 0 runs, 0 hits, 0 errors, 1 left on base; Decatur 2 - Danville 3 |
TOP OF THE 7TH |
Decatur Commodores batting - Pitching for Danville Veterans : LHP Donald Johnson
|
Batting: LHB Jerry Miller
|
0-0: Swinging Strike 0-1: Ball 1-1: Ground out 4-3 (Groundball, 4, EV 99.4 MPH)
|
Batting: SHB Rondin Johnson
|
0-0: Ground out 4-3 (Groundball, 4, EV 85.6 MPH)
|
Batting: RHB Clifton Wilder
|
0-0: Fly out, F8 (Line Drive, 8LD, EV 88.8 MPH)
|
Top of the 7th over - 0 runs, 0 hits, 0 errors, 0 left on base; Decatur 2 - Danville 3 |
BOTTOM OF THE 7TH |
Danville Veterans batting - Pitching for Decatur Commodores : LHP James Oates
|
Batting: RHB Henry Janssen
|
0-0: Fly out, F9 (Flyball, 9LM, EV 94.4 MPH)
|
Batting: SHB Donnie Hill
|
0-0: Ball 1-0: Called Strike 1-1: Ball 2-1: Fly out, F8 (Line Drive, 8RD, EV 89.4 MPH)
|
Batting: LHB Mark Salas
|
0-0: Foul Ball, location: 2F 0-1: Ground out 4-3 (Groundball, 4D, EV 100.0 MPH)
|
Bottom of the 7th over - 0 runs, 0 hits, 0 errors, 0 left on base; Decatur 2 - Danville 3 |
TOP OF THE 8TH |
Decatur Commodores batting - Pitching for Danville Veterans : LHP Donald Johnson
|
Batting: SHB Daniel Wieser
|
0-0: Swinging Strike 0-1: Foul Ball, location: 2F 0-2: Foul Ball, location: 2F 0-2: Fly out, F8 (Flyball, 8LS, EV 91.9 MPH)
|
Batting: LHB David Showalter
|
0-0: Ball 1-0: Ball 2-0: Called Strike 2-1: Ball 3-1: Base on Balls
|
Pinch Runner at 1st Alexis Marte:
|
|
Batting: RHB Miguelito DeLaCruz
|
0-0: Foul Ball, location: 2F 0-1: Ball 1-1: Ball 2-1: Foul Ball, location: 2F 2-2: SINGLE (Line Drive, 9S, EV 94.4 MPH) Alexis Marte to second Runner from 2nd tries for 3rd, OUT! 9-5
|
Pinch Hitting: RHB Michael Melton
|
0-0: Ball 1-0: Foul Ball, location: 2F 1-1: Foul Ball, location: 2F 1-2: Foul Ball, location: 2F 1-2: Ball 2-2: Ground out U3 (Groundball, 3S, EV 68.8 MPH)
|
Top of the 8th over - 0 runs, 1 hit, 0 errors, 1 left on base; Decatur 2 - Danville 3 |
BOTTOM OF THE 8TH |
Danville Veterans batting - Pitching for Decatur Commodores : LHP James Oates
|
Now in LF: Donald Johnson
|
|
Batting: RHB Robert Gauci
|
0-0: Ball 1-0: Ball 2-0: Ball 3-0: Base on Balls
|
Batting: RHB Joseph Soprano
|
0-0: Ball 1-0: Called Strike 1-1: Ball 2-1: Ball 3-1: Reached on error, E5 (Groundball, 56, EV 101.9 MPH) Robert Gauci to second
|
Pitching: RHP Ty Hubbard
|
|
Batting: RHB Ed Saavedra
|
0-0: Ball 1-0: Foul Ball, location: 2F 1-1: Fly out, F7 (Flyball, 78M, EV 85.6 MPH)
|
Batting: RHB Vincent Pone
|
0-0: Ball 1-0: Swinging Strike 1-1: Swinging Strike 1-2: Foul Ball, location: 2F 1-2: Strikes out swinging
|
Batting: RHB Jeff Moronko
|
0-0: Ball 1-0: Foul Ball, location: 2F 1-1: Ball 2-1: Ball 3-1: Ground out 4-3 (Groundball, 4, EV 100.0 MPH)
|
Bottom of the 8th over - 0 runs, 0 hits, 1 error, 2 left on base; Decatur 2 - Danville 3 |
TOP OF THE 9TH |
Decatur Commodores batting - Pitching for Danville Veterans : LHP Donald Johnson
|
Pinch Hitting: RHB Rex Farrior
|
0-0: Ball 1-0: Called Strike 1-1: Foul Ball, location: 2F 1-2: Strikes out looking
|
Batting: SHB Roger Holt
|
0-0: Ball 1-0: Foul Ball, location: 2F 1-1: Foul Ball, location: 2F 1-2: Ground out 5-3 (Groundball, 5L, EV 107.5 MPH)
|
Batting: LHB Jerry Miller
|
0-0: Called Strike 0-1: Ball 1-1: Ground out 4-3 (Groundball, 34, EV 106.9 MPH)
|
Top of the 9th over - 0 runs, 0 hits, 0 errors, 0 left on base; Decatur 2 - Danville 3 |
|